 Dungeon Crawl Stone Soup version 0.29.1-1-gd02db6906a (webtiles) character file.

Game seed: 5996749766777541398

33 safid the Shooter (level 3, -3/31 HPs)
             Began as a Minotaur Hunter on Oct 20, 2022.
             Succumbed to a goblin's poison
             ... on level 1 of the Dungeon.
             The game lasted 00:01:34 (1042 turns).

safid the Shooter (Minotaur Hunter)                 Turns: 1042, Time: 00:01:35

Health: -3/31      AC:  6    Str: 15    XL:     3   Next: 12%
Magic:  2/2        EV: 10    Int:  6    God:
Gold:   42         SH:  0    Dex: 15    Spells: 2/2 levels left

rFire   . . .      SeeInvis .   a - +0 shortbow
rCold   . . .      Faith    .   (shield currently unavailable)
rNeg    . . .      Spirit   .   j - +0 scale mail
rPois   .          Reflect  .   (helmet restricted)
rElec   .          Harm     .   (no cloak)
rCorr   .          Rampage  .   (no gloves)
Will    .....                   (no boots)
Stlth   ..........              (no amulet)
HPRegen 0.10/turn               (no ring)
MPRegen 0.08/turn               (no ring)

@: brilliant, lethally poisoned (-3 -> -26)
A: horns 2, retaliatory headbutt
a: no special abilities


You were on level 1 of the Dungeon.
You visited 1 branch of the dungeon, and saw 2 of its levels.

You collected 42 gold pieces.

Inventory:

Hand Weapons
 a - a +0 shortbow (weapon)
Armour
 j - a +0 scale mail (worn)
Scrolls
 b - 2 scrolls of immolation
 d - 2 scrolls of identify {unknown}
 f - a scroll of magic mapping {unknown}
 i - a scroll of acquirement {unknown}
Potions
 e - a potion of haste {unknown}
 g - a potion of degeneration {unknown}
 h - a potion of brilliance


   Skills:
 - Level 3.0 Fighting
 + Level 5.3 Ranged Weapons
 - Level 2.1 Dodging
 - Level 0.7 Stealth


You had 2 spell levels left.
You didn't know any spells.
Your spell library contained the following spells:

 Spells                   Type           Power      Damage    Failure   Level
 Corpse Rot               Necr/Pois/Air  0%         N/A       100%        4
 Dispel Undead            Necr           0%         3d6       100%        4
 Death Channel            Necr           0%         N/A       100%        6


Dungeon Overview and Level Annotations

Branches:
Dungeon (2/15)

Altars:

Annotations:
D:2 Jessica, Robin


Innate Abilities, Weirdness & Mutations

You have a pair of horns on your head.
You reflexively headbutt those who attack you in melee.


Message History

Found 5 stones.
There is a stone staircase leading up here.
The goblin hits you but does no damage.
You are poisoned.
The goblin barely misses you. The hobgoblin hits you.
Robin says, "Bow before me, strongest of all the hobgoblins!"
Robin roars a battlecry!
The goblins go into a battle-frenzy!
The goblin barely misses you.
You climb upwards.
You feel very sick.
There is a stone staircase leading down here.
You shoot an arrow. The arrow hits the goblin.
The goblin is heavily wounded.
You feel sick. The hobgoblin hits you. The goblin hits you with a +0 dagger.
The goblin barely misses you. You furiously retaliate!
You headbutt the goblin, but do no damage.
The goblin hits you but does no damage.
You are more poisoned.
The hobgoblin hits you but does no damage.
The goblin hits you but does no damage. The goblin hits you with a +0 dagger.
The goblin hits you with a +2 dagger of venom.
You are more poisoned.
You are too injured to fight recklessly!
Unknown command.
You are too injured to fight recklessly!
Unknown command.
Fire: a) +0 shortbow
Press: ? - help, Q - select action Shift-Dir - straight line, f/p - goblin
Aim: a goblin, wielding a +2 dagger of venom (heavily wounded, strong, 55% to hit)
You shoot an arrow. The arrow hits the goblin.
You kill the goblin!
* * * LOW HITPOINT WARNING * * *
You feel extremely sick. The hobgoblin hits you.
* * * LOW HITPOINT WARNING * * *
The goblin barely misses you. The goblin hits you but does no damage.
It was a potion of brilliance.
You feel clever all of a sudden.
You die...

#......# #......# #......#
###########......#
#...............##
#...............###
#..................
#)gg...............
#.@g...............
##.#########....... #.#
#....... #.### #.......
#...# #....... #.#.#
#....... #...#######.......
##########.................
#...............)..###.....


You could see a hobgoblin and 2 goblins.

Vanquished Creatures
  A dart slug (D:1)
  3 bats (D:1)
  2 giant cockroaches
  8 goblins
  2 hobgoblins (D:1)
  A quokka (D:1)
  A ball python (D:1)
  2 frilled lizards (D:1)
  13 rats (D:1)
33 creatures vanquished.

Notes
Turn   | Place    | Note
-------+----------+-------------------------------------------
     0 | D:1      | safid the Minotaur Hunter began the quest for the Orb.
     0 | D:1      | Reached XP level 1. HP: 18/18 MP: 0/0
   119 | D:1      | Reached XP level 2. HP: 20/26 MP: 1/1
   452 | D:1      | Reached skill level 5 in Ranged Weapons
   522 | D:1      | Found a faded altar of an unknown god.
   866 | D:2      | Noticed Jessica
   867 | D:2      | Noticed Robin
   870 | D:2      | Reached XP level 3. HP: 31/31 MP: 2/2
  1042 | D:1      | Succumbed to a goblin's poison

Illustrated notes

Levels and vault maps discovered:
D:1:      minmay_arrival_semitransparent, layout_basic,
          hellmonk_ecumenical_altar_zigzags, minmay_hedge_maze,
          minmay_rat_gold_closets
D:2:      layout_rooms, uniq_jessica, uniq_robin

Skill      XL: |  1  2 |
---------------+-------+-----
Fighting       | 3 |  3.0
Ranged Weapons | 5 |  5.3
Dodging        | |  2.1
Stealth        | |  0.7

Action                   || total
-------------------------++-------
 Fire: Shortbow          ||    60
  Use: Potion            ||     1
Armor: Scale mail        ||     8
       Leather armour    ||     1
Dodge: Dodged            ||    17
